 Dungeon Crawl Stone Soup version 0.25.1-2-g60ff931df9 (webtiles) character file.

Game seed: 11553440710142465910

50 Dustman the Charlatan (level 4, 0/33 HPs)
             Began as a Human Artificer on Dec 8, 2020.
             Killed from afar by an orc wizard (2 damage)
             ... with a magic dart
             ... on level 3 of the Dungeon.
             The game lasted 00:10:49 (315 turns).

Dustman the Charlatan (Human Artificer)              Turns: 315, Time: 00:10:50

Health: 0/33       AC:  6    Str: 14    XL:     4   Next: 4%
Magic:  6/6        EV: 10    Int: 11    God:
Gold:   17         SH:  0    Dex: 13    Spells: 3/3 levels left

rFire    . . .     SeeInvis .   a - +0 short sword
rCold    . . .     Gourm    .   (no shield)
rNeg     . . .     Faith    .   i - +0 scale mail
rPois    .         Spirit   .   (no helmet)
rElec    .         Reflect  .   (no cloak)
rCorr    .         Harm     .   (no gloves)
MR       .....                  (no boots)
Stlth    ..........             (no amulet)
HPRegen  0.11/turn              (no ring)
MPRegen  0.10/turn              (no ring)

@: berserk cooldown, slowed, very slow
A: no striking features
a: no special abilities


You were on level 3 of the Dungeon.
You were not hungry.

You visited 1 branch of the dungeon, and saw 3 of its levels.

You collected 17 gold pieces.

Inventory:

Hand Weapons
 a - a +0 short sword (weapon)
Armour
 b - a +0 leather armour
 i - a +0 scale mail (worn)
Wands
 c - a wand of flame (12)
 d - a wand of enslavement (12)
 e - a wand of random effects (8)
Scrolls
 h - a scroll of blinking {unknown}
 k - a scroll of enchant armour {unknown}
 l - a scroll of fear {unknown}
Comestibles
 f - 2 rations


   Skills:
 + Level 1.9 Fighting
 + Level 1.8 Short Blades
 + Level 1.3 Armour
 + Level 2.6 Dodging
 - Level 1.0 Stealth
 - Level 3.0 Evocations


You had 3 spell levels left.
You didn't know any spells.
Your spell library was empty.

Dungeon Overview and Level Annotations

Branches:
Dungeon (3/15)

Altars:

Annotations:
D:2 Sigmund


Message History

Your orc wizard gestures at something while chanting.
Something closely misses your orc wizard.
Your orc wizard points at the rat and mumbles some strange words.
The magic dart hits the rat.
The rat dies!
Something bites your orc.
Your orc dies!
Your orc hits something with a +0 dagger.
Your orc wizard gestures wildly while chanting.
Your orc wizard seems to speed up.
Something bites your orc wizard.
Your orc hits something with a +0 dagger.
You feel a bit more experienced.
The leopard gecko bites your orc wizard.
Your orc wizard hits the leopard gecko with a +0 dagger.
There is a stone staircase leading down here.
The orc wizard is no longer charmed.
Your orc barely misses something.
The orc wizard points at you and mumbles some strange words.
The magic dart hits you.
You die...

##.....##
#.......#
#####.......#
...#.......#
#..#.....#
........##
#.......#####..
#.@............
#..>.......... .
##....o####.### .
##...#)o.....# ..
#r###l......###..
#># #.........#..
..# #.......#....
#..# #.†..........
#..###.......<....


You could see an orc wizard (fast), a rat and a friendly orc (charmed).

Vanquished Creatures
  A worm (D:2)
  A dart slug (D:1)
  2 leopard geckos (D:1)
  3 goblins (D:1)
  2 hobgoblins (D:1)
  A kobold (D:1)
  4 rats (D:1)
14 creatures vanquished.

Vanquished Creatures (collateral kills)
  An orc priest (D:3)
  An orc (D:3)
  4 frilled lizards (D:3)
  2 rats (D:3)
8 creatures vanquished.

Vanquished Creatures (others)
  An orc (D:3)
1 creature vanquished.

Grand Total: 23 creatures vanquished

Notes
Turn   | Place    | Note
-------+----------+-------------------------------------------
     0 | D:1      | Dustman the Human Artificer began the quest for the Orb.
     0 | D:1      | Reached XP level 1. HP: 15/15 MP: 3/3
   114 | D:1      | Reached XP level 2. HP: 12/21 MP: 4/4
   249 | D:2      | Reached XP level 3. HP: 20/26 MP: 5/5
   286 | D:2      | Noticed Sigmund
   301 | D:3      | Reached skill level 1 in Armour
   305 | D:3      | HP: 1/27 [frilled lizard (1)]
   311 | D:3      | Reached XP level 4. HP: 1/33 MP: 6/6
   315 | D:3      | Killed from afar by an orc wizard

Illustrated notes

Levels and vault maps discovered:
D:1:      giann_bridges, layout_basic
D:2:      layout_basic, chequers_ecumenical_altar_simple_redux,
          minmay_fractal_squares_5, uniq_sigmund
D:3:      layout_rooms, minmay_overflow_temple_hex, minmay_lizard_king

Skill      XL: |  1  2  3 |
---------------+----------+-----
Armour         | 1 |  1.3
Fighting       | |  1.9
Short Blades   | |  1.8
Dodging        | |  2.6
Stealth        | |  1.0
Evocations     | |  3.0

Action                   |  1- 3 |  4- 6 || total
-------------------------+-------+-------++-------
Melee: Short sword       |    39 |       ||    39
Evoke: Wand              |    13 |       ||    13
  Use: Potion            |     1 |       ||     1
 Stab: Paralysed         |     3 |       ||     3
Armor: Scale mail        |    17 |       ||    17
       Leather armour    |     2 |       ||     2
Dodge: Dodged            |    18 |       ||    18
